 Dungeon Crawl Stone Soup version 0.17-a0-1164-g0ba867e (webtiles) character file.

6 KlotserJr the Grasshopper (level 1, 0/10 HPs)
             Began as a Spriggan Warper on May 28, 2015.
             Slain by a jackal (1 damage)
             ... on level 1 of the Dungeon.
             The game lasted 00:02:21 (220 turns).

KlotserJr the Grasshopper (Spriggan Warper)          Turns: 220, Time: 00:02:21

Health: 0/10       AC:  2    Str:  7    XL:     1   Next: 75%
Magic:  5/5        EV: 18    Int: 14    God:
Gold:   10         SH:  0    Dex: 15    Spells: 1 memorised, 4 levels left

rFire  . . .     SeeInvis +     a - +0 short sword
rCold  . . .     Clarity  .     b - +0 robe
rNeg   . . .     SustAt   .     (shield restricted)
rPois  .         Gourm    .     (helmet restricted)
rElec  .         Spirit   .     (no cloak)
rCorr  .         Warding  .     (gloves unavailable)
rMut   .         Stasis   .     (boots unavailable)
MR     .....                    (no amulet)
Stlth  +.........               (no ring)
                                (no ring)

@: very quick, not resistant to hostile enchantments, very unstealthy
A: unfitting armour, see invisible, herbivore 3, speed 3, slow metabolism 2
a: no special abilities


You were on level 1 of the Dungeon.
You were not hungry.

You visited 1 branch of the dungeon, and saw 2 of its levels.

You collected 10 gold pieces.

Inventory:

Hand weapons
 a - a +0 short sword (weapon)
Missiles
 e - 5 tomahawks of dispersal (quivered)
Armour
 b - a +0 robe (worn)
Scrolls
 d - a scroll of blinking
 g - a scroll of remove curse {unknown}
Books
 c - a book of Spatial Translocations

   Spells                             Type                      Level
   a - Apportation                    Translocation                1
   b - Blink                          Translocation                2
   c - Shroud of Golubria             Charms/Translocation         2
   d - Portal Projectile              Translocation                3
   e - Teleport Other                 Translocation                3
   f - Passage of Golubria            Translocation                4
Comestibles
 f - a bread ration


   Skills:
 - Level 1.5 Fighting
 + Level 2.7 Short Blades
 - Level 1.1 Throwing
 + Level 3.5 Dodging
 + Level 2.8 Spellcasting
 - Level 4.4 Translocations


You had 4 spell levels left.
You knew the following spells:

 Your Spells              Type           Power        Failure   Level  Hunger
a - Apportation           Tloc           ##........   3%          1    #......


Dungeon Overview and Level Annotations

Branches:
Dungeon (2/15)

Altars:


Innate Abilities, Weirdness & Mutations

You are tiny and cannot use many weapons and most armour.
You have supernaturally acute eyesight.
You are a herbivore.
You cover ground extremely quickly.
You need consume almost no food.


Message History

* * * LOW HITPOINT WARNING * * *
You are too injured to fight recklessly!
You are too injured to fight recklessly!
You are too injured to fight recklessly!
You are too injured to fight recklessly!
The jackal closely misses you.
The jackal barks!
There is a stone staircase leading down here.
You climb downwards.
A rat and a kobold come into view.
Found an escape hatch in the floor.
There is a stone staircase leading up here.
There are monsters nearby!
The kobold shouts!
You climb upwards.
The jackal completely misses you. The jackal bites you.
* * * LOW HITPOINT WARNING * * *
There is a stone staircase leading down here.
The jackal barks!
The jackal bites you.
You die...

#.# #.# #.# #.#########
##.######.........#
###.......#.........#
#...................#
###########.#.......####..#####
............##......#####.#####
#.#################.#†#....##.##
#.#...h.........@h..#.####..##.#
#.#.############h##.#.##.###.#.##
#.#........h......#.##.#...##.#.#
#.#..##...........#.##...≈..#...#
#.#..##...........#.###...%≈.≈...
#.#..##......)....#.##.##.≈≈≈≈≈..
#.#†.##......h....#.###.#..≈≈≈≈≈.
#.#..##...........#.##..(≈.≈≈≈≈..
#.#..##..........##.###..≈≈≈≈≈≈≈.


You could see 3 jackals.

Vanquished Creatures
  3 bats (D:1)
  A jackal (D:1)
  2 rats (D:1)
6 creatures vanquished.

Notes
Turn   | Place    | Note
--------------------------------------------------------------
     0 | D:1      | KlotserJr the Spriggan Warper began the quest for the Orb.
     0 | D:1      | Reached XP level 1. HP: 10/10 MP: 5/5
   220 | D:1      | Slain by a jackal

Vault maps used:
D:1:      dpeg_arrival_subterranean_lakeside_camping
D:2:      minmay_door_path, grunt_temple_overflow_holy_war,
          grunt_temple_overflow_open, serial_corexii_hall,
          corexii_hall_statues_x, corexii_hall_statues_deadend,
          corexii_hall_statues_s, corexii_hall_statues_x, first_bread

Action                   || total
-------------------------++-------
Melee: Short sword       ||    38
 Stab: Sleeping          ||     1
